AoeStats
← RAGEgh

Oasis

507796133Analyzed
4v4 RM · 13d ago on Sep 19, 2026· 52m 37s· 8 players
Game mode
Random Map
Map size
Large (8 player)
Population
200
Speed
Normal
Resources
Standard
Victory
Conquest
Starting age
Dark Age
Ending age
Imperial Age
RankedLock teamsTeams togetherTeam positionsShared explorationLock speedFull tech treeHidden civsTurbo modeCheats
Victory
Defeat
🇨🇦 Cumans · Canada
690
+12
🇦🇷 Khmer · Argentina
557
+18
🇺🇸 Shu · United States
470
+22
🇫🇷 Chinese · France
469
+21
🇮🇳 Persians · India
630
-20
🇨🇿 Teutons · Czechia
615
-19
🇹🇼 Chinese · Taiwan
573
-17
🇩🇪 Koreans · Germany
560
-17
Markushil
2:40 Loom
16:09 Feudal Age
17:27 Wheelbarrow
17:05 Gold Mining
17:15 Double-Bit Axe
17:12 Horse Collar
19:55 Man-at-Arms
21:47 Arson
23:12 Scale Mail Armor
24:24 Fletching
25:26 Town Watch
25:53 Forging
27:39 Stone Mining
30:04 Castle Age
30:31 Scale Barding Armor
52:21 Heavy Plow
53:02 Chain Mail Armor
Ajghoimer
0:50 Loom
21:57 Feudal Age
22:14 Horse Collar
22:23 Double-Bit Axe
22:33 Gold Mining
22:37 Stone Mining
25:42 Wheelbarrow
30:18 Castle Age
28:56 Arson
29:35 Bloodlines
30:36 Pikeman
31:03 Gambesons
32:26 Caravan
33:28 Scale Barding Armor
33:34 Forging
36:21 Husbandry
38:09 Iron Casting
37:52 Squires
50:49 Imperial Age
2100
0:35 Loom
12:31 Feudal Age
13:53 Double-Bit Axe
14:27 Horse Collar
23:13 Castle Age
22:26 Forging
22:17 Scale Mail Armor
22:37 Fletching
22:48 Padded Archer Armor
24:20 Stone Mining
24:24 Gold Mining
25:21 Pikeman
26:02 Squires
26:41 Bow Saw
27:51 Wheelbarrow
27:20 Heavy Plow
27:09 Crossbowman
30:06 Thumb Ring
36:47 Gold Shaft Mining
36:48 Stone Shaft Mining
36:13 Bodkin Arrow
36:34 Chain Mail Armor
36:55 Iron Casting
40:56 Imperial Age
43:01 Hand Cart
46:04 Bracer
46:35 Plate Mail Armor
48:42 Halberdier
sandeepkumarsdsl
0:52 Loom
15:21 Feudal Age
17:46 Wheelbarrow
17:14 Double-Bit Axe
19:17 Town Watch
19:29 Town Watch
23:45 Castle Age
22:37 Stone Mining
22:41 Gold Mining
22:46 Horse Collar
26:45 Caravan
27:50 Stone Shaft Mining
28:34 Scale Mail Armor
28:44 Forging
32:16 Imperial Age
34:05 Bow Saw
33:37 Cavalier
37:28 Chemistry
36:55 Chain Mail Armor
37:16 Iron Casting
37:21 Onager
39:42 Heavy Plow
40:16 Plate Mail Armor
40:47 Blast Furnace
41:59 Siege Onager
RICH9058120
4:23 Loom
10:42 Feudal Age
21:43 Castle Age
21:44 Double-Bit Axe
22:54 Stone Mining
23:35 Bloodlines
24:49 Fletching
25:06 Scale Barding Armor
27:43 Steppe Husbandry
28:23 Ballistics
37:05 Imperial Age
35:35 Wheelbarrow
39:13 Gold Mining
39:25 Bodkin Arrow
41:55 Elite Kipchak
43:49 Parthian Tactics
43:30 Thumb Ring
43:52 Chain Barding Armor
RAGEgh
0:35 Loom
16:18 Feudal Age
22:45 Wheelbarrow
24:33 Wheelbarrow
26:29 Castle Age
28:16 Double-Bit Axe
32:03 Bow Saw
39:54 Hand Cart
40:28 Horse Collar
45:07 Imperial Age
45:39 Arson
45:58 Squires
47:40 Two-Man Saw
47:09 Elite Fire Lancer
49:17 Heavy Plow
49:33 Fortified Wall
50:25 Chemistry
49:41 Heavy Rocket Cart
52:10 Great Wall
TheFearlessPupil
3:17 Loom
10:55 Feudal Age
11:22 Man-at-Arms
12:59 Double-Bit Axe
16:14 Horse Collar
17:30 Arson
19:51 Fletching
26:49 Castle Age
28:20 Crossbowman
29:45 Wheelbarrow
29:13 Heavy Plow
30:01 Husbandry
29:54 Gambesons
30:08 Long Swordsman
33:27 Pikeman
40:01 Imperial Age
38:45 Bow Saw
38:36 Stone Mining
38:36 Gold Mining
40:31 Two-Handed Swordsman
42:50 Halberdier
45:02 Hand Cart
44:58 Murder Holes
45:14 Masonry
46:13 Two-Man Saw
47:35 Chemistry
47:12 Heavy Hei Guang Cavalry
52:49 Gold Shaft Mining
52:01 Champion
Dixielandy
0:45 Loom
17:38 Feudal Age
22:16 Double-Bit Axe
23:27 Scale Barding Armor
23:08 Horse Collar
28:04 Castle Age
28:01 Man-at-Arms
29:33 Husbandry
29:11 Long Swordsman
29:12 Pikeman
34:24 Heavy Plow
36:47 Tusk Swords
38:00 Bow Saw
44:44 Imperial Age
44:47 Two-Handed Swordsman
44:56 Two-Handed Swordsman
45:12 Capped Ram
45:58 Double Crossbow
49:00 Elite Battle Elephant
Connection lost

Rejoining the realm…

Still unreachable

The connection could not be restored.

Session expired

The server has moved on; the page needs a fresh start.